 Dungeon Crawl Stone Soup version 0.24.1-14-gf8d2b509d9 (webtiles) character file.

Game seed: 574888648107806921, levelgen mode: deterministic

791 Froggeryz the Grappler (level 7, -13/62 (63) HPs)
             Began as a Ghoul Monk on Nov 18, 2022.
             Was a Priest of Okawaru.
             Mangled by an orc warrior
             ... wielding a +0 glaive
              (14 damage)
             ... on level 6 of the Dungeon.
             The game lasted 00:06:28 (6203 turns).

Froggeryz the Grappler (Ghoul Monk)                 Turns: 6203, Time: 00:06:29

HP:   -13/62 (63)   AC:  7    Str: 17    XL:     7   Next: 88%
MP:   15/15         EV: 11    Int: 10    God:    Okawaru [***...]
Gold: 344           SH:  0    Dex: 11    Spells: 6/6 levels left

rFire    . . .     SeeInvis .     - Unarmed
rCold    + + .     Gourm    .   (no shield)
rNeg     + + +     Faith    .   e - +0 ring mail
rPois    ∞         Spirit   .   (no helmet)
rElec    .         Reflect  .   l - +0 cloak
rCorr    .         Harm     .   (no gloves)
MR       .....                  x - +0 pair of boots
Stlth    +.........             (no amulet)
HPRegen  0.00/turn              j - ring of protection from cold
MPRegen  0.14/turn              A - ring of magical power

@: brilliant, rotting
A: rotting body, claws 1, carnivore, cold resistance 1, negative energy
resistance 3, inhibited regeneration, torment resistance, unbreathing
a: Heroism, Renounce Religion


You were on level 6 of the Dungeon.
You worshipped Okawaru.
Okawaru was most pleased with you.
You were not hungry.

You visited 1 branch of the dungeon, and saw 6 of its levels.
You also visited: Sewer.

You collected 344 gold pieces.

Inventory:

Missiles
 o - 11 poisoned darts (quivered)
 t - 13 boomerangs
Armour
 e - a +0 ring mail (worn)
 l - a +0 cloak (worn)
 x - a +0 pair of boots (worn)
Jewellery
 j - a ring of protection from cold (left claw)
 A - a ring of magical power (right claw)
Wands
 k - a wand of clouds (2)
 s - a wand of enslavement (5)
Scrolls
 c - 4 scrolls of teleportation {unknown}
 d - 2 scrolls of amnesia {unknown}
 f - 3 scrolls of identify
 g - 3 scrolls of remove curse
 h - a scroll of noise
 m - 4 scrolls of fog {unknown}
 n - 2 scrolls of magic mapping {unknown}
 p - a scroll of enchant weapon {unknown}
 u - a scroll of random uselessness {unknown}
 v - 2 scrolls of blinking {unknown}
 y - a scroll of fear {unknown}
Potions
 a - 2 potions of degeneration {unknown}
 i - 2 potions of might {unknown}
 q - a potion of lignification {unknown}
 r - 3 potions of curing
 z - a potion of brilliance
Comestibles
 b - 10 rations
 w - 3 chunks of flesh


   Skills:
 + Level 6.0 Fighting
 - Level 2.0 Armour
 - Level 2.6 Dodging
 - Level 2.1 Stealth
 * Level 8.0 Unarmed Combat


You had 6 spell levels left.
You didn't know any spells.
Your spell library was empty.

Dungeon Overview and Level Annotations

Branches:
Dungeon (6/15)             Temple (0/1) D:5           Sewer (visited)

Altars:
Okawaru
Xom


Innate Abilities, Weirdness & Mutations

Your body is rotting away.
You thrive on raw meat.
You are immune to poison.
You have sharp fingernails.
You are carnivorous and can eat meat at any time.
Your flesh is cold resistant. (rC+)
You are immune to negative energy. (rN+++)
You do not regenerate when monsters are visible.
You are immune to unholy pain and torment.
You can survive without breathing.


Message History

It is a scroll of identify.
h - a scroll of noise The phantom blinks!
The orc hits you but does no damage. The orc hits you with a +0 short sword.
* * * LOW HITPOINT WARNING * * *
There is a stone staircase leading down here.
An orc warrior comes into view. It is wielding a +0 glaive.
The orc warrior shouts!
You hear a shout! x2
An orc priest comes into view. It is wielding a +0 mace.
The orc warrior hits you from afar with a +0 glaive!
* * * LOW HITPOINT WARNING * * *
As you read the scroll labeled HUPLYASCHICH, it crumbles to dust.
You feel blessed for a moment.
It was a scroll of remove curse.
The orc warrior hits you from afar with a +0 glaive.
* * * LOW HITPOINT WARNING * * *
It was a potion of brilliance.
You feel clever all of a sudden. The orc warrior barely misses you.
The orc warrior hits you from afar with a +0 glaive!
You die...

.# ######.#
...o#W#
.$#o#.#
#Y#.#.#
#.#@#.#
#o#o#.#
#.#oo$#
#.#####.##.>#
#>...!o.##..#
###.##.###..#
.....#.###..#
#.....o.[..#
.(....#####..#


You could see 2 orc warriors, an orc priest and 2 orcs.

Vanquished Creatures
  An ice beast (D:5)
  A bullfrog (Sewer)
  A scorpion (D:4)
  A bullfrog zombie (D:5)
  An orc wizard (D:2)
  2 orc priests (D:3)
  An iguana (D:5)
  Ijyb (D:3)
  A worker ant (D:5)
  2 worker ant zombies (D:5)
  A gnoll (D:1)
  A river rat (D:4)
  17 adders
  7 oozes
  3 worms
  2 dart slugs
  11 leopard geckos
  12 orcs
  14 giant cockroaches
  13 goblins
  9 hobgoblins
  6 jackals
  8 kobolds
  A quokka (D:4)
  15 ball pythons
  7 bats
  10 frilled lizards
  6 rats
155 creatures vanquished.

Notes
Turn   | Place    | Note
-------+----------+-------------------------------------------
     0 | D:1      | Froggeryz the Ghoul Monk began the quest for the Orb.
     0 | D:1      | Reached XP level 1. HP: 19/19 MP: 0/0
    62 | D:1      | Reached XP level 2. HP: 22/26 MP: 1/1
   580 | D:1      | Reached skill level 4 in Unarmed Combat
   846 | D:1      | Reached XP level 3. HP: 14/33 MP: 2/2
  1259 | D:2      | Found a shimmering altar of Xom.
  1512 | D:2      | Reached XP level 4. HP: 38/40 MP: 3/3
  1846 | D:2      | Reached skill level 5 in Unarmed Combat
  2262 | D:3      | Found an iron altar of Okawaru.
  2560 | D:3      | Reached XP level 5. HP: 37/46 MP: 4/4
  2578 | D:2      | Reached skill level 1 in Armour
  2797 | D:3      | Became a worshipper of Warmaster Okawaru
  2797 | D:3      | Reached * piety under Okawaru
  2797 | D:3      | Reached ** piety under Okawaru
  3353 | D:3      | Noticed Ijyb
  3383 | D:3      | Killed Ijyb
  3383 | D:3      | Reached XP level 6. HP: 20/53 MP: 5/5
  3621 | D:3      | Reached skill level 6 in Unarmed Combat
  4319 | D:4      | Found a glowing drain.
  4330 | Sewer    | Entered a sewer
  4442 | Sewer    | Reached skill level 5 in Fighting
  4953 | Sewer    | Reached XP level 7. HP: 61/61 MP: 6/6
  4965 | Sewer    | Reached skill level 7 in Unarmed Combat
  5647 | D:5      | Entered Level 5 of the Dungeon
  5732 | D:5      | Found a staircase to the Ecumenical Temple.
  5748 | D:5      | Reached *** piety under Okawaru
  6168 | D:5      | Reached skill level 8 in Unarmed Combat
  6202 | D:6      | HP: 1/62 [orc warrior/+0 glaive (5)]
  6203 | D:6      | Mangled by an orc warrior

Levels and vault maps discovered:
D:1:      dpeg_arrival_oval, layout_basic
D:2:      kb_forest_paths, layout_basic, minmay_splitting_lines,
          lemuel_altar_in_water
D:3:      kennysheep_the_goblin_king, layout_loops_ring, okawaru_gym_becter,
          minmay_misc_feat_chi, minmay_snake_closets
D:4:      layout_basic, first_ration, cheibrodos_sewer_entry_sluice,
          moated_statue
D:5:      layout_basic, minmay_temple_entry_trees
D:6:      layout_loops_ring, ashenzari_conservatory_becter

Skill      XL: |  1  2  3  4  5  6  7 |
---------------+----------------------+-----
Unarmed Combat | 4 5 6 8 |  8.0
Fighting       | 4 5 6 |  6.0
Armour         | 1 2 |  2.0
Dodging        | |  2.6
Stealth        | |  2.1

Action                   |  1- 3 |  4- 6 |  7- 9 || total
-------------------------+-------+-------+-------++-------
Melee: Unarmed           |    73 |   375 |   100 ||   548
       Punch             |     1 |     4 |     2 ||     7
  Use: Potion            |       |     1 |     1 ||     2
       Scroll            |       |       |     2 ||     2
 Stab: Sleeping          |     1 |     1 |     1 ||     3
  Eat: Chunk             |     6 |     9 |     3 ||    18
Armor: Robe              |     4 |       |       ||     4
       Ring mail         |    13 |   178 |    45 ||   236
Dodge: Dodged            |    34 |   249 |    49 ||   332
